LOS ANGELES Kings vs NEW YORK Rangers

Created - 4 février 2019 at 16:39

Goals
1 2 3 OT1 SO T
LOS ANGELES Kings 2 2 1 0 1 6
NEW YORK Rangers 4 0 1 0 0 5
Shots
1 2 3 OT1 SO T
LOS ANGELES Kings 12 23 10 2 3 47
NEW YORK Rangers 14 10 11 5 3 40

1st period

1. NEW YORK Rangers , Mats Zuccarello 8 (Nico Hischier 20) at 4:03
2. LOS ANGELES Kings , Mitchell Marner 8 (Nick Bonino 21, Stephen Johns 14) at 4:43
3. NEW YORK Rangers , Tyler Myers 7 (Nico Hischier 21, Mats Zuccarello 34) at 8:51
4. NEW YORK Rangers , Brayden Schenn 16 (Brandon Manning 21, Leon Draisaitl 27) at 8:59
5. NEW YORK Rangers , Mats Zuccarello 9 (Tyler Myers 28, Nico Hischier 22) at 13:18
6. LOS ANGELES Kings , Danny DeKeyser 12 (Anze Kopitar 33, Drew Doughty 27) at 18:36

Penalties :
Michael Cammalleri (LAK) for Interference (Minor) at 16:01

2nd period

7. LOS ANGELES Kings , Jonathan Huberdeau 13 (Nick Bonino 22, Karl Alzner 16) at 5:24
8. LOS ANGELES Kings , Mitchell Marner 9 (Anze Kopitar 34, Danny DeKeyser 11) at 7:03 (PP)

Penalties :
Tyler Myers (NYR) for Hooking (Minor) at 6:16, Mark Stone (LAK) for Hooking (Minor) at 9:24, Brandon Manning (NYR) for Holding (Minor) at 11:37

3rd period

9. NEW YORK Rangers , Mats Zuccarello 10 (Nico Hischier 23, Michael Grabner 16) at 11:56 (PP)
10. LOS ANGELES Kings , Karl Alzner 4 (Anze Kopitar 35, Oliver Ekman-Larsson 21) at 13:09

Penalties :
Drew Doughty (LAK) for Roughing (Minor) at 5:33, Oliver Ekman-Larsson (LAK) for Roughing (Minor) at 10:59, Michael Grabner (NYR) for Boarding (Minor) at 12:49, Drew Doughty (LAK) for Tripping (Minor) at 12:49

Overtime #1

No Goal

Penalties :
No Penalty

Shootout

LOS ANGELES Kings, Nick Bonino - Shot Misses the Net
NEW YORK Rangers, Michael Grabner - Stopped by Jonathan Quick
LOS ANGELES Kings, Mitchell Marner - Shot Misses the Net
NEW YORK Rangers, Leon Draisaitl - Stopped by Jonathan Quick
LOS ANGELES Kings, Jonathan Huberdeau - Goal!
NEW YORK Rangers, Brayden Schenn - Stopped by Jonathan Quick

Penalties :
No Penalty

Goalie Stats

Jonathan Quick (LAK), 35 saves from 40 shots - (0,875), W, 28-12-1, 65:00 minutes
Antti Raanta (NYR), 42 saves from 47 shots - (0,894), OTL, 24-13-6, 65:00 minutes

Players Stats for LOS ANGELES Kings

Player Name              G  A  P  +/- PIM S  H  SB GA TA FO     MP     PP MP  PK MP  
------------------------------------------------------------------------------------
Alex Chiasson            0  0  0   0  0   0  1  0  0  0  0/0     5:00   0:00   0:59 
Anze Kopitar             0  3  3   0  0   7  1  0  0  0  23/42  27:41   1:59   0:00 
Chris Wagner             0  0  0  -1  0   3  2  1  0  0  1/1    12:10   0:00   0:39 
Danny DeKeyser           1  1  2   1  0   2  1  2  0  0  0/0    26:54   1:36   3:38 
Drew Doughty             0  1  1   0  4   1  1  3  0  0  0/0    28:59   1:36   2:13 
Jakob Silfverberg        0  0  0  -1  0   3  0  0  0  0  1/1    18:54   0:47   0:00 
Johnny Oduya             0  0  0  -1  0   1  0  1  0  0  0/0    10:57   0:00   0:59 
Jonathan Huberdeau       1  0  1   1  0   5  2  0  0  0  0/0    17:19   1:59   0:00 
Karl Alzner              1  1  2  -1  0   2  4  5  0  0  0/0    19:09   0:00   3:42 
Kyle Brodziak            0  0  0  -1  0   1  0  0  0  0  10/18  12:34   0:00   1:22 
Mark Stone               0  0  0   0  2   5  3  0  0  0  0/2    26:49   0:47   3:55 
Michael Cammalleri       0  0  0  -1  2   2  0  0  0  0  1/1    11:11   0:00   0:00 
Mitchell Marner          2  0  2   1  0   10 1  0  0  0  2/4    20:45   1:59   1:02 
Nick Bonino              0  2  2   1  0   1  2  0  0  0  17/34  23:38   0:47   4:29 
Oliver Ekman-Larsson     0  1  1   1  2   1  1  1  0  0  0/0    20:48   1:10   0:00 
Scottie Upshall          0  0  0   0  0   1  0  0  0  0  0/2     5:04   0:00   1:22 
Stephen Johns            0  1  1   0  0   2  5  1  0  0  0/0    23:10   1:10   3:16 
Tim Schaller             0  0  0   0  0   0  0  0  0  0  0/0     0:00   0:00   0:00 

Players Stats for NEW YORK Rangers

Player Name              G  A  P  +/- PIM S  H  SB GA TA FO     MP     PP MP  PK MP  
------------------------------------------------------------------------------------
Brandon Manning          0  1  1   0  2   0  3  2  0  0  0/0    14:24   1:31   0:00 
Brayden Schenn           1  0  1   0  0   7  3  0  0  0  1/6    25:49   2:56   0:00 
Carl Soderberg           0  0  0   0  0   1  0  0  0  0  1/2    10:23   0:00   0:00 
Frans Nielsen            0  0  0  -1  0   1  0  0  0  0  3/6     5:41   0:00   1:41 
Garnet Hathaway          0  0  0  -1  0   0  2  0  0  0  0/0     4:00   0:00   0:00 
Josh Bailey              0  0  0  -1  0   5  1  2  0  0  3/6    25:42   2:56   0:00 
Justin Faulk             0  0  0   0  0   2  3  1  0  0  0/0    26:44   4:57   1:52 
Leon Draisaitl           0  1  1   0  0   3  0  0  0  0  20/30  25:49   2:56   0:00 
Mats Zuccarello          3  1  4   2  0   6  0  0  0  0  0/1    18:36   3:58   0:00 
Michael Del Zotto        0  0  0   0  0   1  4  0  0  0  0/0    25:28   1:57   1:00 
Michael Grabner          0  1  1   2  2   4  0  0  0  0  0/1    20:16   3:58   1:41 
Michael Stone            0  0  0   0  0   3  0  0  0  0  0/0    21:41   0:00   1:46 
Mikhail Sergachev        0  0  0   0  0   0  0  1  0  0  0/0    12:54   0:00   0:00 
Nate Thompson            0  0  0  -1  0   1  0  0  0  0  3/5     5:05   0:00   1:05 
Nico Hischier            0  4  4   1  0   3  0  0  0  0  13/34  22:02   3:58   0:00 
Ryan Dzingel             0  0  0   0  0   1  0  0  0  0  0/0    12:20   1:57   0:00 
Travis Zajac             0  0  0   0  0   1  2  0  0  0  6/14   11:28   0:00   1:05 
Tyler Myers              1  1  2   0  2   1  0  1  0  0  0/0    26:50   3:26   0:54 

3 Stars

1 - Mats Zuccarello (NYR)
2 - Mitchell Marner (LAK)
3 - Nico Hischier (NYR)

Power Play

LOS ANGELES Kings - 1 on 2 Attempt(s) - 50,00%
NEW YORK Rangers - 1 on 4 Attempt(s) - 25,00%

Penalty Kill

LOS ANGELES Kings - 3 on 4 Attempt(s) - 75,00% - Score 0 goal in Penalty Kill
NEW YORK Rangers - 1 on 2 Attempt(s) - 50,00% - Score 0 goal in Penalty Kill

Team Stat

LOS ANGELES Kings - Hits : 24 - Faceoff Wins : 55 - Blocked Shots : 14 - Penalty Minutes : 10
NEW YORK Rangers - Hits : 18 - Faceoff Wins : 50 - Blocked Shots : 7 - Penalty Minutes : 6

Official

Referees : Unknown
Linesman : Unknown

Game Notes

Mats Zuccarello has scored a Hat Trick!

Finance

Level 1 -- Attendance: 4995 (83,25%) -- Ticket Income 499 500 $
Level 2 -- Attendance: 4288 (85,76%) -- Ticket Income 257 280 $
Level 3 -- Attendance: 2000 (100,00%) -- Ticket Income 70 000 $
Level 4 -- Attendance: 4000 (100,00%) -- Ticket Income 80 000 $
Luxury Box -- Attendance: 827 (82,70%) -- Ticket Income 165 400 $
Game was played at the Madison Square Garden.
Total Attendance: 16110 (89,50%)
Total Ticket Income: 1 072 180 $
Other Income: 418 150 $
Total Income: 1 490 330 $

LOS ANGELES Kings

5 vs 5 Forward 
   Center                   Left Wing                Right Wing               Time % Phy DF OF 
 1 Anze Kopitar             Jakob Silfverberg        Mark Stone               41     1   2  2  
 2 Nick Bonino              Jonathan Huberdeau       Mitchell Marner          31     1   2  2  
 3 Kyle Brodziak            Michael Cammalleri       Chris Wagner             20     1   2  2  
 4 Anze Kopitar             Scottie Upshall          Alex Chiasson            8      1   2  2  

5 vs 5 Defense 
   Defense                  Defense                                           Time % Phy DF OF 
 1 Drew Doughty             Danny DeKeyser                                    40     1   2  2  
 2 Stephen Johns            Oliver Ekman-Larsson                              30     1   2  2  
 3 Johnny Oduya             Karl Alzner                                       20     1   2  2  
 4 Drew Doughty             Karl Alzner                                       10     1   2  2  

PowerPlay Forward 
   Center                   Left Wing                Right Wing               Time % Phy DF OF 
 1 Anze Kopitar             Jonathan Huberdeau       Mitchell Marner          60     1   2  2  
 2 Nick Bonino              Jakob Silfverberg        Mark Stone               40     1   2  2  

PowerPlay Defense
   Defense                  Defense                                           Time % Phy DF OF 
 1 Stephen Johns            Oliver Ekman-Larsson                              60     1   2  2  
 2 Drew Doughty             Danny DeKeyser                                    40     1   2  2  

Penalty Kill 4 Players Forward 
   Center                   Wing                     Time % Phy DF OF 
 1 Nick Bonino              Mark Stone               60     1   2  2  
 2 Kyle Brodziak            Scottie Upshall          40     1   2  2  

Penalty Kill 4 Players Defense
   Defense                  Defense                  Time % Phy DF OF 
 1 Drew Doughty             Danny DeKeyser           60     1   2  2  
 2 Stephen Johns            Karl Alzner              40     1   2  2  

Penalty Kill - 3 Players Forward 
   Forward                                           Time % Phy DF OF 
 1 Anze Kopitar                                      60     1   2  2  
 2 Nick Bonino                                       40     1   2  2  

Penalty Kill - 3 Players Defense
   Defense                  Defense                  Time % Phy DF OF 
 1 Johnny Oduya             Danny DeKeyser           60     1   2  2  
 2 Stephen Johns            Karl Alzner              40     1   2  2  

4 vs 4 Forward 
   Center                   Wing                     Time % Phy DF OF 
 1 Anze Kopitar             Mark Stone               60     1   2  2  
 2 Nick Bonino              Mitchell Marner          40     1   2  2  

4 vs 4 Defense
   Defense                  Defense                  Time % Phy DF OF 
 1 Drew Doughty             Oliver Ekman-Larsson     60     1   2  2  
 2 Stephen Johns            Danny DeKeyser           40     1   2  2  

Last Minutes Offensive
   Center                   Left Wing                Right Wing               Defense                  Defense                  
   Anze Kopitar             Jonathan Huberdeau       Mark Stone               Drew Doughty             Oliver Ekman-Larsson     

Last Minutes Defensive
   Center                   Left Wing                Right Wing               Defense                  Defense                  
   Anze Kopitar             Nick Bonino              Jakob Silfverberg        Drew Doughty             Danny DeKeyser           

Goaltenders
Starting : Jonathan Quick           
Backup : Al Montoya               

Extra Forwards
Normal : Nick Bonino, Mark Stone, Mitchell Marner - PP : Jonathan Huberdeau, Mark Stone - PK : Mitchell Marner
Extra Defensemen
Normal : Danny DeKeyser, Oliver Ekman-Larsson, Karl Alzner - PP : Johnny Oduya - PK : Johnny Oduya, Karl Alzner
Penalty Shots
Nick Bonino, Mitchell Marner, Jonathan Huberdeau, Mark Stone, Anze Kopitar

NEW YORK Rangers

5 vs 5 Forward 
   Center                   Left Wing                Right Wing               Time % Phy DF OF 
 1 Leon Draisaitl           Josh Bailey              Brayden Schenn           40     0   2  3  
 2 Nico Hischier            Michael Grabner          Mats Zuccarello          30     0   2  3  
 3 Travis Zajac             Ryan Dzingel             Carl Soderberg           20     0   2  3  
 4 Frans Nielsen            Garnet Hathaway          Nate Thompson            10     2   2  1  

5 vs 5 Defense 
   Defense                  Defense                                           Time % Phy DF OF 
 1 Michael Del Zotto        Tyler Myers                                       35     1   2  2  
 2 Justin Faulk             Michael Stone                                     35     1   2  2  
 3 Brandon Manning          Mikhail Sergachev                                 20     1   2  2  
 4 Michael Del Zotto        Tyler Myers                                       10     1   2  2  

PowerPlay Forward 
   Center                   Left Wing                Right Wing               Time % Phy DF OF 
 1 Brayden Schenn           Josh Bailey              Leon Draisaitl           70     0   1  4  
 2 Nico Hischier            Mats Zuccarello          Michael Grabner          30     0   2  3  

PowerPlay Defense
   Defense                  Defense                                           Time % Phy DF OF 
 1 Justin Faulk             Tyler Myers                                       80     0   1  4  
 2 Michael Del Zotto        Ryan Dzingel                                      20     0   2  3  

Penalty Kill 4 Players Forward 
   Center                   Wing                     Time % Phy DF OF 
 1 Nate Thompson            Travis Zajac             50     1   2  2  
 2 Frans Nielsen            Michael Grabner          50     1   2  2  

Penalty Kill 4 Players Defense
   Defense                  Defense                  Time % Phy DF OF 
 1 Michael Del Zotto        Tyler Myers              50     1   2  2  
 2 Justin Faulk             Michael Stone            50     1   2  2  

Penalty Kill - 3 Players Forward 
   Forward                                           Time % Phy DF OF 
 1 Travis Zajac                                      50     1   2  2  
 2 Frans Nielsen                                     50     1   2  2  

Penalty Kill - 3 Players Defense
   Defense                  Defense                  Time % Phy DF OF 
 1 Michael Stone            Tyler Myers              50     1   2  2  
 2 Justin Faulk             Michael Del Zotto        50     1   2  2  

4 vs 4 Forward 
   Center                   Wing                     Time % Phy DF OF 
 1 Leon Draisaitl           Brayden Schenn           50     1   2  2  
 2 Nico Hischier            Josh Bailey              50     1   2  2  

4 vs 4 Defense
   Defense                  Defense                  Time % Phy DF OF 
 1 Michael Del Zotto        Tyler Myers              60     1   2  2  
 2 Justin Faulk             Michael Stone            40     1   2  2  

Last Minutes Offensive
   Center                   Left Wing                Right Wing               Defense                  Defense                  
   Brayden Schenn           Josh Bailey              Leon Draisaitl           Michael Del Zotto        Tyler Myers              

Last Minutes Defensive
   Center                   Left Wing                Right Wing               Defense                  Defense                  
   Brayden Schenn           Josh Bailey              Leon Draisaitl           Michael Del Zotto        Tyler Myers              

Goaltenders
Starting : Antti Raanta             
Backup : Philipp Grubauer         

Extra Forwards
Normal : Nico Hischier, Frans Nielsen, Ryan Dzingel - PP : Nico Hischier, Frans Nielsen - PK : Ryan Dzingel
Extra Defensemen
Normal : Tyler Myers, Mikhail Sergachev, Justin Faulk - PP : Michael Del Zotto - PK : Mikhail Sergachev, Justin Faulk
Penalty Shots
Michael Grabner, Leon Draisaitl, Brayden Schenn, Justin Faulk, Ryan Dzingel


% Time on Ice - LOS ANGELES Kings

Lines # - Real PCT - Wanted PCT - Time Play
Normal Forward
1 - 37% - 41% - 18:07
2 - 32% - 31% - 15:20
3 - 23% - 20% - 11:12
4 - 8% - 8% - 3:42
Normal Defense
1 - 39% - 40% - 18:38
2 - 32% - 30% - 15:42
3 - 21% - 20% - 9:58
4 - 8% - 10% - 4:03
PP Forward
1 - 72% - 60% - 1:59
2 - 28% - 40% - 0:47
PP Defense
1 - 42% - 60% - 1:10
2 - 58% - 40% - 1:36
PK Forward
1 - 80% - 60% - 5:32
2 - 20% - 40% - 1:22
PK Defense
1 - 53% - 60% - 3:38
2 - 47% - 40% - 3:16
PK3 Forward
1 - 0% - 60%
2 - 0% - 40%
PK3 Defense
1 - 0% - 60%
2 - 0% - 40%
44 Forward
1 - 74% - 60% - 5:09
2 - 26% - 40% - 1:50
44 Defense
1 - 57% - 60% - 3:57
2 - 43% - 40% - 3:02
Last Minute Offensive  - 0:00
Last Minute Defensive  - 0:00
Total
Forward - 65:00
Defense - 65:00

% Time on Ice - NEW YORK Rangers

Lines # - Real PCT - Wanted PCT - Time Play
Normal Forward
1 - 40% - 40% - 19:20
2 - 30% - 30% - 14:38
3 - 21% - 20% - 10:23
4 - 8% - 10% - 4:00
Normal Defense
1 - 33% - 35% - 15:49
2 - 34% - 35% - 16:36
3 - 27% - 20% - 12:54
4 - 6% - 10% - 3:02
PP Forward
1 - 43% - 70% - 2:56
2 - 57% - 30% - 3:58
PP Defense
1 - 72% - 80% - 4:57
2 - 28% - 20% - 1:57
PK Forward
1 - 39% - 50% - 1:05
2 - 61% - 50% - 1:41
PK Defense
1 - 36% - 50% - 1:00
2 - 64% - 50% - 1:46
PK3 Forward
1 - 0% - 50%
2 - 0% - 50%
PK3 Defense
1 - 0% - 50%
2 - 0% - 50%
44 Forward
1 - 51% - 50% - 3:33
2 - 49% - 50% - 3:26
44 Defense
1 - 53% - 60% - 3:40
2 - 47% - 40% - 3:19
Last Minute Offensive  - 0:00
Last Minute Defensive  - 0:00
Total
Forward - 65:00
Defense - 65:00

Play-by-Play

1st period


0:01 of 1st period - Anze Kopitar wins face-off versus Leon Draisaitl in neutral zone.
0:39 of 1st period - Shot by Leon Draisaitl.
0:39 of 1st period - Shot Hit the Post.
0:52 of 1st period - Icing by Anze Kopitar.
0:53 of 1st period - Anze Kopitar wins face-off versus Nico Hischier in LOS ANGELES Kings zone.
1:26 of 1st period - Shot by Nick Bonino.
1:26 of 1st period - Deflect By Mitchell Marner.
1:26 of 1st period - Shot Misses the Net.
1:28 of 1st period - Shot by Stephen Johns.
1:28 of 1st period - Stopped by Antti Raanta with a rebound.
1:37 of 1st period - Mitchell Marner is hit by Justin Faulk and loses puck.
1:40 of 1st period - Shot by Oliver Ekman-Larsson.
1:40 of 1st period - Stopped by Antti Raanta without a rebound.
1:41 of 1st period - Travis Zajac wins face-off versus Kyle Brodziak in NEW YORK Rangers zone.
1:41 of 1st period - Mikhail Sergachev is hit by Chris Wagner and loses puck.
2:10 of 1st period - Shot by Kyle Brodziak.
2:10 of 1st period - Stopped by Antti Raanta with a rebound.
2:12 of 1st period - Shot by Johnny Oduya.
2:12 of 1st period - Shot Misses the Net.
2:14 of 1st period - Shot by Karl Alzner.
2:14 of 1st period - Shot Misses the Net.
2:50 of 1st period - Shot by Frans Nielsen.
2:50 of 1st period - Stopped by Jonathan Quick without a rebound.
2:51 of 1st period - Nick Bonino wins face-off versus Leon Draisaitl in LOS ANGELES Kings zone.
3:05 of 1st period - Michael Stone is hit by Stephen Johns and loses puck.
3:12 of 1st period - Shot by Mitchell Marner.
3:12 of 1st period - Stopped by Antti Raanta without a rebound.
3:13 of 1st period - Anze Kopitar wins face-off versus Frans Nielsen in NEW YORK Rangers zone.
3:22 of 1st period - Shot by Frans Nielsen.
3:22 of 1st period - Deflect By Nate Thompson.
3:22 of 1st period - Shot Hit the Post.
3:24 of 1st period - Shot by Nate Thompson.
3:24 of 1st period - Stopped by Jonathan Quick without a rebound.
3:25 of 1st period - Nick Bonino wins face-off versus Nico Hischier in LOS ANGELES Kings zone.
3:31 of 1st period - Icing by Justin Faulk.
3:32 of 1st period - Anze Kopitar wins face-off versus Nico Hischier in NEW YORK Rangers zone.
4:03 of 1st period - Shot by Mats Zuccarello.
4:03 of 1st period - Goal by Mats Zuccarello - LOS ANGELES Kings : 0 - NEW YORK Rangers : 1.
4:04 of 1st period - Nick Bonino wins face-off versus Leon Draisaitl in neutral zone.
4:43 of 1st period - Shot by Nick Bonino.
4:43 of 1st period - Deflect By Mitchell Marner.
4:43 of 1st period - Goal by Mitchell Marner - LOS ANGELES Kings : 1 - NEW YORK Rangers : 1.
4:44 of 1st period - Frans Nielsen wins face-off versus Kyle Brodziak in neutral zone.
4:44 of 1st period - Garnet Hathaway is hit by Chris Wagner and loses puck.
5:01 of 1st period - Drew Doughty is hit by Garnet Hathaway and loses puck.
5:26 of 1st period - Drew Doughty is hit by Garnet Hathaway and loses puck.
5:51 of 1st period - Shot by Mark Stone.
5:51 of 1st period - Shot Misses the Net.
6:19 of 1st period - Shot by Mark Stone.
6:19 of 1st period - Deflect By Jakob Silfverberg.
6:19 of 1st period - Stopped by Antti Raanta without a rebound.
6:20 of 1st period - Josh Bailey wins face-off versus Nick Bonino in NEW YORK Rangers zone.
6:55 of 1st period - Icing by Nick Bonino.
6:56 of 1st period - Nico Hischier wins face-off versus Nick Bonino in LOS ANGELES Kings zone.
7:06 of 1st period - Icing by Stephen Johns.
7:07 of 1st period - Travis Zajac wins face-off versus Nick Bonino in LOS ANGELES Kings zone.
7:12 of 1st period - Shot by Ryan Dzingel.
7:12 of 1st period - Shot Blocked by Oliver Ekman-Larsson.
7:14 of 1st period - Shot by Travis Zajac.
7:14 of 1st period - Shot Misses the Net.
8:12 of 1st period - Shot by Jakob Silfverberg.
8:12 of 1st period - Stopped by Antti Raanta without a rebound.
8:13 of 1st period - Nico Hischier wins face-off versus Kyle Brodziak in NEW YORK Rangers zone.
8:49 of 1st period - Shot by Nico Hischier.
8:49 of 1st period - Shot Misses the Net.
8:51 of 1st period - Shot by Tyler Myers.
8:51 of 1st period - Goal by Tyler Myers - LOS ANGELES Kings : 1 - NEW YORK Rangers : 2.
8:52 of 1st period - Leon Draisaitl wins face-off versus Anze Kopitar in neutral zone.
8:59 of 1st period - Shot by Brayden Schenn.
8:59 of 1st period - Goal by Brayden Schenn - LOS ANGELES Kings : 1 - NEW YORK Rangers : 3.
9:00 of 1st period - Anze Kopitar wins face-off versus Leon Draisaitl in neutral zone.
9:41 of 1st period - Shot by Anze Kopitar.
9:41 of 1st period - Stopped by Antti Raanta without a rebound.
9:42 of 1st period - Nick Bonino wins face-off versus Nico Hischier in NEW YORK Rangers zone.
9:46 of 1st period - Jonathan Huberdeau is hit by Michael Del Zotto and loses puck.
9:53 of 1st period - Shot by Mitchell Marner.
9:53 of 1st period - Shot Misses the Net.
9:55 of 1st period - Shot by Nick Bonino.
9:55 of 1st period - Stopped by Antti Raanta without a rebound.
9:56 of 1st period - Kyle Brodziak wins face-off versus Travis Zajac in NEW YORK Rangers zone.
9:59 of 1st period - Shot by Johnny Oduya.
9:59 of 1st period - Stopped by Antti Raanta without a rebound.
10:00 of 1st period - Anze Kopitar wins face-off versus Nico Hischier in NEW YORK Rangers zone.
10:06 of 1st period - Icing by Tyler Myers.
10:07 of 1st period - Nico Hischier wins face-off versus Anze Kopitar in NEW YORK Rangers zone.
10:18 of 1st period - Shot by Mats Zuccarello.
10:18 of 1st period - Stopped by Jonathan Quick without a rebound.
10:19 of 1st period - Leon Draisaitl wins face-off versus Nick Bonino in LOS ANGELES Kings zone.
10:36 of 1st period - Shot by Brayden Schenn.
10:36 of 1st period - Stopped by Jonathan Quick with a rebound.
11:00 of 1st period - Shot by Brayden Schenn.
11:00 of 1st period - Stopped by Jonathan Quick without a rebound.
11:01 of 1st period - Anze Kopitar wins face-off versus Nico Hischier in LOS ANGELES Kings zone.
11:20 of 1st period - Shot by Mark Stone.
11:20 of 1st period - Shot Misses the Net.
11:40 of 1st period - Shot by Mats Zuccarello.
11:40 of 1st period - Shot Misses the Net.
11:42 of 1st period - Shot by Nico Hischier.
11:42 of 1st period - Stopped by Jonathan Quick without a rebound.
11:43 of 1st period - Kyle Brodziak wins face-off versus Travis Zajac in LOS ANGELES Kings zone.
11:43 of 1st period - Kyle Brodziak is hit by Travis Zajac.
12:05 of 1st period - Shot by Kyle Brodziak.
12:05 of 1st period - Shot Blocked by Mikhail Sergachev.
12:10 of 1st period - Michael Cammalleri is hit by Brandon Manning and loses puck.
12:46 of 1st period - Josh Bailey is hit by Karl Alzner and loses puck.
12:50 of 1st period - Icing by Karl Alzner.
12:51 of 1st period - Nico Hischier wins face-off versus Nick Bonino in LOS ANGELES Kings zone.
13:14 of 1st period - Shot by Mats Zuccarello.
13:14 of 1st period - Shot Blocked by Karl Alzner.
13:16 of 1st period - Shot by Tyler Myers.
13:16 of 1st period - Shot Misses the Net.
13:18 of 1st period - Shot by Mats Zuccarello.
13:18 of 1st period - Goal by Mats Zuccarello - LOS ANGELES Kings : 1 - NEW YORK Rangers : 4.
13:19 of 1st period - Anze Kopitar wins face-off versus Leon Draisaitl in neutral zone.
13:39 of 1st period - Shot by Brayden Schenn.
13:39 of 1st period - Shot Misses the Net.
13:41 of 1st period - Shot by Michael Stone.
13:41 of 1st period - Shot Blocked by Stephen Johns.
13:43 of 1st period - Shot by Leon Draisaitl.
13:43 of 1st period - Stopped by Jonathan Quick without a rebound.
13:44 of 1st period - Michael Cammalleri wins face-off versus Nico Hischier in LOS ANGELES Kings zone.
13:49 of 1st period - Shot by Mats Zuccarello.
13:49 of 1st period - Shot Misses the Net.
13:51 of 1st period - Shot by Michael Grabner.
13:51 of 1st period - Stopped by Jonathan Quick without a rebound.
13:52 of 1st period - Nico Hischier wins face-off versus Scottie Upshall in LOS ANGELES Kings zone.
13:57 of 1st period - Shot by Nico Hischier.
13:57 of 1st period - Deflect By Mats Zuccarello.
13:57 of 1st period - Stopped by Jonathan Quick without a rebound.
13:58 of 1st period - Jakob Silfverberg wins face-off versus Leon Draisaitl in LOS ANGELES Kings zone.
13:58 of 1st period - Drew Doughty is hit by Brayden Schenn.
13:59 of 1st period - Icing by Drew Doughty.
14:00 of 1st period - Anze Kopitar wins face-off versus Josh Bailey in LOS ANGELES Kings zone.
14:02 of 1st period - Icing by Jakob Silfverberg.
14:03 of 1st period - Leon Draisaitl wins face-off versus Anze Kopitar in LOS ANGELES Kings zone.
14:59 of 1st period - Michael Del Zotto is hit by Nick Bonino and loses puck.
15:25 of 1st period - Icing by Tyler Myers.
15:26 of 1st period - Kyle Brodziak wins face-off versus Leon Draisaitl in NEW YORK Rangers zone.
15:27 of 1st period - Shot by Chris Wagner.
15:27 of 1st period - Shot Misses the Net.
15:29 of 1st period - Shot by Karl Alzner.
15:29 of 1st period - Shot Misses the Net.
15:46 of 1st period - Icing by Johnny Oduya.
15:47 of 1st period - Kyle Brodziak wins face-off versus Travis Zajac in LOS ANGELES Kings zone.
16:01 of 1st period - Minor Penalty to Michael Cammalleri for Interference.
16:02 of 1st period - Nick Bonino wins face-off versus Nico Hischier in LOS ANGELES Kings zone.
17:33 of 1st period - Michael Grabner is hit by Mark Stone and loses puck.
17:56 of 1st period - Shot by Michael Grabner.
17:56 of 1st period - Stopped by Jonathan Quick without a rebound.
17:57 of 1st period - Kyle Brodziak wins face-off versus Brayden Schenn in LOS ANGELES Kings zone.
18:27 of 1st period - Mikhail Sergachev is hit by Alex Chiasson and loses puck.
18:34 of 1st period - Shot by Anze Kopitar.
18:34 of 1st period - Shot Blocked by Brandon Manning.
18:36 of 1st period - Shot by Danny DeKeyser.
18:36 of 1st period - Goal by Danny DeKeyser - LOS ANGELES Kings : 2 - NEW YORK Rangers : 4.
18:37 of 1st period - Carl Soderberg wins face-off versus Kyle Brodziak in neutral zone.
18:58 of 1st period - Shot by Michael Cammalleri.
18:58 of 1st period - Stopped by Antti Raanta with a rebound.
19:00 of 1st period - Shot by Chris Wagner.
19:00 of 1st period - Shot Misses the Net.
19:08 of 1st period - Shot by Chris Wagner.
19:08 of 1st period - Shot Misses the Net.
19:10 of 1st period - Shot by Stephen Johns.
19:10 of 1st period - Shot Misses the Net.
19:12 of 1st period - Shot by Chris Wagner.
19:12 of 1st period - Shot Misses the Net.
19:19 of 1st period - Icing by Michael Del Zotto.
19:20 of 1st period - Travis Zajac wins face-off versus Anze Kopitar in NEW YORK Rangers zone.
19:49 of 1st period - Icing by Danny DeKeyser.
19:50 of 1st period - Leon Draisaitl wins face-off versus Anze Kopitar in LOS ANGELES Kings zone.
Goals for this period are 2 for LOS ANGELES Kings vs 4 for NEW YORK Rangers.
Shots for this period are 12 for LOS ANGELES Kings vs 14 for NEW YORK Rangers.

2nd period


0:01 of 2nd period - Nico Hischier wins face-off versus Anze Kopitar in neutral zone.
0:23 of 2nd period - Justin Faulk is hit by Mark Stone and loses puck.
1:09 of 2nd period - Shot by Mitchell Marner.
1:09 of 2nd period - Stopped by Antti Raanta with a rebound.
1:11 of 2nd period - Shot by Mitchell Marner.
1:11 of 2nd period - Stopped by Antti Raanta with a rebound.
1:19 of 2nd period - Shot by Jonathan Huberdeau.
1:19 of 2nd period - Stopped by Antti Raanta without a rebound.
1:20 of 2nd period - Kyle Brodziak wins face-off versus Travis Zajac in NEW YORK Rangers zone.
1:39 of 2nd period - Shot by Travis Zajac.
1:39 of 2nd period - Shot Blocked by Chris Wagner.
1:52 of 2nd period - Shot by Travis Zajac.
1:52 of 2nd period - Shot Blocked by Karl Alzner.
1:54 of 2nd period - Shot by Ryan Dzingel.
1:54 of 2nd period - Stopped by Jonathan Quick without a rebound.
1:55 of 2nd period - Leon Draisaitl wins face-off versus Nick Bonino in LOS ANGELES Kings zone.
2:00 of 2nd period - Shot by Josh Bailey.
2:00 of 2nd period - Stopped by Jonathan Quick with a rebound.
2:17 of 2nd period - Shot by Jonathan Huberdeau.
2:17 of 2nd period - Shot Misses the Net.
2:27 of 2nd period - Shot by Jonathan Huberdeau.
2:27 of 2nd period - Shot Blocked by Josh Bailey.
2:29 of 2nd period - Shot by Mitchell Marner.
2:29 of 2nd period - Stopped by Antti Raanta with a rebound.
2:31 of 2nd period - Shot by Stephen Johns.
2:31 of 2nd period - Stopped by Antti Raanta without a rebound.
2:32 of 2nd period - Anze Kopitar wins face-off versus Nico Hischier in NEW YORK Rangers zone.
3:10 of 2nd period - Icing by Danny DeKeyser.
3:11 of 2nd period - Leon Draisaitl wins face-off versus Mark Stone in LOS ANGELES Kings zone.
3:30 of 2nd period - Shot by Brayden Schenn.
3:30 of 2nd period - Stopped by Jonathan Quick with a rebound.
3:32 of 2nd period - Shot by Tyler Myers.
3:32 of 2nd period - Deflect By Leon Draisaitl.
3:32 of 2nd period - Shot Hit the Post.
3:34 of 2nd period - Shot by Josh Bailey.
3:34 of 2nd period - Stopped by Jonathan Quick with a rebound.
4:42 of 2nd period - Shot by Jonathan Huberdeau.
4:42 of 2nd period - Stopped by Antti Raanta without a rebound.
4:43 of 2nd period - Kyle Brodziak wins face-off versus Travis Zajac in NEW YORK Rangers zone.
4:43 of 2nd period - Michael Cammalleri is hit by Brandon Manning and loses puck.
4:46 of 2nd period - Shot by Karl Alzner.
4:46 of 2nd period - Stopped by Antti Raanta without a rebound.
4:47 of 2nd period - Nico Hischier wins face-off versus Nick Bonino in NEW YORK Rangers zone.
4:47 of 2nd period - Nico Hischier is hit by Jonathan Huberdeau.
5:24 of 2nd period - Shot by Jonathan Huberdeau.
5:24 of 2nd period - Goal by Jonathan Huberdeau - LOS ANGELES Kings : 3 - NEW YORK Rangers : 4.
5:25 of 2nd period - Kyle Brodziak wins face-off versus Travis Zajac in neutral zone.
6:03 of 2nd period - Shot by Kyle Brodziak.
6:03 of 2nd period - Deflect By Chris Wagner.
6:03 of 2nd period - Shot Blocked by Brandon Manning.
6:05 of 2nd period - Shot by Oliver Ekman-Larsson.
6:05 of 2nd period - Shot Misses the Net.
6:07 of 2nd period - Shot by Chris Wagner.
6:07 of 2nd period - Stopped by Antti Raanta without a rebound.
6:08 of 2nd period - Nick Bonino wins face-off versus Leon Draisaitl in NEW YORK Rangers zone.
6:10 of 2nd period - Mitchell Marner is hit by Michael Del Zotto and loses puck.
6:15 of 2nd period - Shot by Jonathan Huberdeau.
6:15 of 2nd period - Shot Misses the Net.
6:16 of 2nd period - Minor Penalty to Tyler Myers for Hooking.
6:17 of 2nd period - Frans Nielsen wins face-off versus Anze Kopitar in NEW YORK Rangers zone.
7:03 of 2nd period - Shot by Mitchell Marner.
7:03 of 2nd period - Goal by Mitchell Marner - LOS ANGELES Kings : 4 - NEW YORK Rangers : 4.
7:04 of 2nd period - Leon Draisaitl wins face-off versus Kyle Brodziak in neutral zone.
7:44 of 2nd period - Shot by Michael Cammalleri.
7:44 of 2nd period - Stopped by Antti Raanta without a rebound.
7:45 of 2nd period - Anze Kopitar wins face-off versus Carl Soderberg in NEW YORK Rangers zone.
7:46 of 2nd period - Shot by Jakob Silfverberg.
7:46 of 2nd period - Shot Misses the Net.
7:48 of 2nd period - Shot by Jakob Silfverberg.
7:48 of 2nd period - Shot Misses the Net.
8:02 of 2nd period - Shot by Mark Stone.
8:02 of 2nd period - Stopped by Antti Raanta with a rebound.
8:04 of 2nd period - Shot by Anze Kopitar.
8:04 of 2nd period - Stopped by Antti Raanta without a rebound.
8:05 of 2nd period - Nick Bonino wins face-off versus Nico Hischier in NEW YORK Rangers zone.
8:06 of 2nd period - Shot by Drew Doughty.
8:06 of 2nd period - Stopped by Antti Raanta without a rebound.
8:07 of 2nd period - Nico Hischier wins face-off versus Nick Bonino in NEW YORK Rangers zone.
8:37 of 2nd period - Nick Bonino is hit by Justin Faulk and loses puck.
8:40 of 2nd period - Shot by Mitchell Marner.
8:40 of 2nd period - Stopped by Antti Raanta with a rebound.
8:48 of 2nd period - Shot by Jonathan Huberdeau.
8:48 of 2nd period - Deflect By Mitchell Marner.
8:48 of 2nd period - Stopped by Antti Raanta without a rebound.
8:49 of 2nd period - Leon Draisaitl wins face-off versus Anze Kopitar in NEW YORK Rangers zone.
8:54 of 2nd period - Shot by Josh Bailey.
8:54 of 2nd period - Shot Misses the Net.
9:00 of 2nd period - Karl Alzner is hit by Brayden Schenn and loses puck.
9:24 of 2nd period - Minor Penalty to Mark Stone for Hooking.
9:25 of 2nd period - Mitchell Marner wins face-off versus Nico Hischier in LOS ANGELES Kings zone.
9:44 of 2nd period - Shot by Justin Faulk.
9:44 of 2nd period - Stopped by Jonathan Quick with a rebound.
9:46 of 2nd period - Shot by Mats Zuccarello.
9:46 of 2nd period - Shot Misses the Net.
9:52 of 2nd period - Shot by Michael Grabner.
9:52 of 2nd period - Shot Misses the Net.
9:54 of 2nd period - Shot by Michael Grabner.
9:54 of 2nd period - Stopped by Jonathan Quick with a rebound.
9:56 of 2nd period - Shot by Tyler Myers.
9:56 of 2nd period - Shot Misses the Net.
9:58 of 2nd period - Shot by Nico Hischier.
9:58 of 2nd period - Stopped by Jonathan Quick without a rebound.
9:59 of 2nd period - Nick Bonino wins face-off versus Brayden Schenn in LOS ANGELES Kings zone.
9:59 of 2nd period - Nick Bonino is hit by Brayden Schenn.
10:28 of 2nd period - Off-side.
10:29 of 2nd period - Nick Bonino wins face-off versus Nico Hischier in neutral zone.
11:30 of 2nd period - Icing by Frans Nielsen.
11:31 of 2nd period - Anze Kopitar wins face-off versus Frans Nielsen in NEW YORK Rangers zone.
11:37 of 2nd period - Minor Penalty to Brandon Manning for Holding.
11:38 of 2nd period - Nate Thompson wins face-off versus Anze Kopitar in NEW YORK Rangers zone.
11:38 of 2nd period - Justin Faulk is hit by Jonathan Huberdeau and loses puck.
12:59 of 2nd period - Icing by Drew Doughty.
13:00 of 2nd period - Nick Bonino wins face-off versus Nate Thompson in LOS ANGELES Kings zone.
13:13 of 2nd period - Shot by Mark Stone.
13:13 of 2nd period - Deflect By Jakob Silfverberg.
13:13 of 2nd period - Stopped by Antti Raanta without a rebound.
13:14 of 2nd period - Anze Kopitar wins face-off versus Frans Nielsen in NEW YORK Rangers zone.
13:27 of 2nd period - Shot by Anze Kopitar.
13:27 of 2nd period - Stopped by Antti Raanta without a rebound.
13:28 of 2nd period - Anze Kopitar wins face-off versus Nate Thompson in NEW YORK Rangers zone.
13:29 of 2nd period - Shot by Danny DeKeyser.
13:29 of 2nd period - Stopped by Antti Raanta without a rebound.
13:30 of 2nd period - Nate Thompson wins face-off versus Anze Kopitar in NEW YORK Rangers zone.
13:30 of 2nd period - Nate Thompson is hit by Mitchell Marner.
14:00 of 2nd period - Shot by Josh Bailey.
14:00 of 2nd period - Stopped by Jonathan Quick without a rebound.
14:01 of 2nd period - Anze Kopitar wins face-off versus Nico Hischier in LOS ANGELES Kings zone.
14:10 of 2nd period - Shot by Anze Kopitar.
14:10 of 2nd period - Stopped by Antti Raanta without a rebound.
14:11 of 2nd period - Leon Draisaitl wins face-off versus Anze Kopitar in NEW YORK Rangers zone.
14:31 of 2nd period - Off-side.
14:32 of 2nd period - Nick Bonino wins face-off versus Nico Hischier in neutral zone.
14:42 of 2nd period - Icing by Michael Stone.
14:43 of 2nd period - Nico Hischier wins face-off versus Anze Kopitar in NEW YORK Rangers zone.
16:12 of 2nd period - Shot by Brayden Schenn.
16:12 of 2nd period - Stopped by Jonathan Quick without a rebound.
16:13 of 2nd period - Kyle Brodziak wins face-off versus Travis Zajac in LOS ANGELES Kings zone.
16:32 of 2nd period - Shot by Carl Soderberg.
16:32 of 2nd period - Shot Misses the Net.
16:36 of 2nd period - Shot by Ryan Dzingel.
16:36 of 2nd period - Shot Misses the Net.
16:38 of 2nd period - Shot by Ryan Dzingel.
16:38 of 2nd period - Shot Blocked by Johnny Oduya.
16:40 of 2nd period - Shot by Travis Zajac.
16:40 of 2nd period - Stopped by Jonathan Quick without a rebound.
16:41 of 2nd period - Leon Draisaitl wins face-off versus Anze Kopitar in LOS ANGELES Kings zone.
16:56 of 2nd period - Shot by Anze Kopitar.
16:56 of 2nd period - Stopped by Antti Raanta without a rebound.
16:57 of 2nd period - Nate Thompson wins face-off versus Nick Bonino in NEW YORK Rangers zone.
17:01 of 2nd period - Frans Nielsen is hit by Stephen Johns.
17:15 of 2nd period - Garnet Hathaway is hit by Nick Bonino and loses puck.
17:22 of 2nd period - Shot by Jonathan Huberdeau.
17:22 of 2nd period - Stopped by Antti Raanta without a rebound.
17:23 of 2nd period - Leon Draisaitl wins face-off versus Anze Kopitar in NEW YORK Rangers zone.
17:23 of 2nd period - Josh Bailey is hit by Mark Stone and loses puck.
18:02 of 2nd period - Shot by Anze Kopitar.
18:02 of 2nd period - Stopped by Antti Raanta with a rebound.
18:35 of 2nd period - Shot by Nico Hischier.
18:35 of 2nd period - Shot Misses the Net.
18:37 of 2nd period - Shot by Justin Faulk.
18:37 of 2nd period - Shot Misses the Net.
19:52 of 2nd period - Ryan Dzingel is hit by Karl Alzner and loses puck.
Goals for this period are 2 for LOS ANGELES Kings vs 0 for NEW YORK Rangers.
Shots for this period are 23 for LOS ANGELES Kings vs 10 for NEW YORK Rangers.

3rd period


0:01 of 3rd period - Anze Kopitar wins face-off versus Leon Draisaitl in neutral zone.
0:24 of 3rd period - Shot by Mark Stone.
0:24 of 3rd period - Stopped by Antti Raanta without a rebound.
0:25 of 3rd period - Nico Hischier wins face-off versus Nick Bonino in NEW YORK Rangers zone.
0:36 of 3rd period - Shot by Mats Zuccarello.
0:36 of 3rd period - Shot Misses the Net.
1:07 of 3rd period - Shot by Nico Hischier.
1:07 of 3rd period - Shot Hit the Post.
2:20 of 3rd period - Kyle Brodziak is hit by Josh Bailey.
2:44 of 3rd period - Shot by Chris Wagner.
2:44 of 3rd period - Stopped by Antti Raanta without a rebound.
2:45 of 3rd period - Frans Nielsen wins face-off versus Nick Bonino in NEW YORK Rangers zone.
3:17 of 3rd period - Icing by Stephen Johns.
3:18 of 3rd period - Travis Zajac wins face-off versus Mitchell Marner in LOS ANGELES Kings zone.
3:26 of 3rd period - Off-side.
3:27 of 3rd period - Brayden Schenn wins face-off versus Anze Kopitar in neutral zone.
3:36 of 3rd period - Off-side.
3:37 of 3rd period - Anze Kopitar wins face-off versus Josh Bailey in neutral zone.
3:57 of 3rd period - Shot by Brayden Schenn.
3:57 of 3rd period - Shot Blocked by Drew Doughty.
4:14 of 3rd period - Shot by Brayden Schenn.
4:14 of 3rd period - Stopped by Jonathan Quick without a rebound.
4:15 of 3rd period - Nico Hischier wins face-off versus Nick Bonino in LOS ANGELES Kings zone.
5:03 of 3rd period - Michael Grabner is hit by Stephen Johns and loses puck.
5:32 of 3rd period - Nico Hischier is hit by Danny DeKeyser and loses puck.
5:33 of 3rd period - Minor Penalty to Drew Doughty for Roughing.
5:34 of 3rd period - Chris Wagner wins face-off versus Brayden Schenn in LOS ANGELES Kings zone.
6:12 of 3rd period - Shot by Josh Bailey.
6:12 of 3rd period - Stopped by Jonathan Quick without a rebound.
6:13 of 3rd period - Nick Bonino wins face-off versus Brayden Schenn in LOS ANGELES Kings zone.
6:30 of 3rd period - Shot by Josh Bailey.
6:30 of 3rd period - Shot Misses the Net.
7:06 of 3rd period - Shot by Mats Zuccarello.
7:06 of 3rd period - Stopped by Jonathan Quick without a rebound.
7:07 of 3rd period - Nick Bonino wins face-off versus Nico Hischier in LOS ANGELES Kings zone.
7:24 of 3rd period - Shot by Nico Hischier.
7:24 of 3rd period - Shot Blocked by Danny DeKeyser.
7:40 of 3rd period - Shot by Frans Nielsen.
7:40 of 3rd period - Shot Misses the Net.
7:43 of 3rd period - Icing by Stephen Johns.
7:44 of 3rd period - Travis Zajac wins face-off versus Kyle Brodziak in LOS ANGELES Kings zone.
7:44 of 3rd period - Ryan Dzingel is hit by Oliver Ekman-Larsson and loses puck.
8:05 of 3rd period - Shot by Chris Wagner.
8:05 of 3rd period - Stopped by Antti Raanta without a rebound.
8:06 of 3rd period - Leon Draisaitl wins face-off versus Scottie Upshall in NEW YORK Rangers zone.
8:23 of 3rd period - Shot by Anze Kopitar.
8:23 of 3rd period - Stopped by Antti Raanta without a rebound.
8:24 of 3rd period - Travis Zajac wins face-off versus Nick Bonino in NEW YORK Rangers zone.
8:28 of 3rd period - Ryan Dzingel is hit by Drew Doughty and loses puck.
8:39 of 3rd period - Shot by Travis Zajac.
8:39 of 3rd period - Deflect By Carl Soderberg.
8:39 of 3rd period - Stopped by Jonathan Quick without a rebound.
8:40 of 3rd period - Leon Draisaitl wins face-off versus Anze Kopitar in LOS ANGELES Kings zone.
8:40 of 3rd period - Brayden Schenn is hit by Karl Alzner and loses puck.
9:08 of 3rd period - Leon Draisaitl is hit by Karl Alzner and loses puck.
9:38 of 3rd period - Mark Stone is hit by Travis Zajac and loses puck.
9:43 of 3rd period - Shot by Carl Soderberg.
9:43 of 3rd period - Shot Blocked by Karl Alzner.
9:57 of 3rd period - Shot by Ryan Dzingel.
9:57 of 3rd period - Shot Blocked by Karl Alzner.
9:59 of 3rd period - Shot by Michael Stone.
9:59 of 3rd period - Shot Misses the Net.
10:01 of 3rd period - Shot by Carl Soderberg.
10:01 of 3rd period - Shot Misses the Net.
10:07 of 3rd period - Shot by Ryan Dzingel.
10:07 of 3rd period - Shot Misses the Net.
10:09 of 3rd period - Shot by Michael Stone.
10:09 of 3rd period - Stopped by Jonathan Quick without a rebound.
10:10 of 3rd period - Nico Hischier wins face-off versus Nick Bonino in LOS ANGELES Kings zone.
10:48 of 3rd period - Shot by Michael Grabner.
10:48 of 3rd period - Stopped by Jonathan Quick without a rebound.
10:49 of 3rd period - Leon Draisaitl wins face-off versus Kyle Brodziak in LOS ANGELES Kings zone.
10:49 of 3rd period - Josh Bailey is hit by Stephen Johns and loses puck.
10:53 of 3rd period - Brayden Schenn is hit by Stephen Johns and loses puck.
10:59 of 3rd period - Minor Penalty to Oliver Ekman-Larsson for Roughing.
11:00 of 3rd period - Nick Bonino wins face-off versus Brayden Schenn in LOS ANGELES Kings zone.
11:17 of 3rd period - Shot by Josh Bailey.
11:17 of 3rd period - Shot Misses the Net.
11:19 of 3rd period - Shot by Brayden Schenn.
11:19 of 3rd period - Stopped by Jonathan Quick without a rebound.
11:20 of 3rd period - Nico Hischier wins face-off versus Kyle Brodziak in LOS ANGELES Kings zone.
11:30 of 3rd period - Icing by Justin Faulk.
11:31 of 3rd period - Nick Bonino wins face-off versus Nico Hischier in NEW YORK Rangers zone.
11:56 of 3rd period - Shot by Nico Hischier.
11:56 of 3rd period - Deflect By Mats Zuccarello.
11:56 of 3rd period - Goal by Mats Zuccarello - LOS ANGELES Kings : 4 - NEW YORK Rangers : 5.
11:57 of 3rd period - Leon Draisaitl wins face-off versus Anze Kopitar in neutral zone.
12:20 of 3rd period - Shot by Brayden Schenn.
12:20 of 3rd period - Shot Blocked by Drew Doughty.
12:49 of 3rd period - Minor Penalty to Michael Grabner for Boarding.
12:49 of 3rd period - Minor Penalty to Drew Doughty for Tripping.
12:50 of 3rd period - Anze Kopitar wins face-off versus Nico Hischier in LOS ANGELES Kings zone.
13:07 of 3rd period - Shot by Anze Kopitar.
13:07 of 3rd period - Shot Misses the Net.
13:09 of 3rd period - Shot by Karl Alzner.
13:09 of 3rd period - Goal by Karl Alzner - LOS ANGELES Kings : 5 - NEW YORK Rangers : 5.
13:10 of 3rd period - Leon Draisaitl wins face-off versus Nick Bonino in neutral zone.
13:30 of 3rd period - Shot by Leon Draisaitl.
13:30 of 3rd period - Shot Blocked by Karl Alzner.
13:32 of 3rd period - Shot by Justin Faulk.
13:32 of 3rd period - Stopped by Jonathan Quick without a rebound.
13:33 of 3rd period - Josh Bailey wins face-off versus Mark Stone in LOS ANGELES Kings zone.
14:47 of 3rd period - Shot by Mitchell Marner.
14:47 of 3rd period - Stopped by Antti Raanta with a rebound.
14:55 of 3rd period - Shot by Carl Soderberg.
14:55 of 3rd period - Deflect By Ryan Dzingel.
14:55 of 3rd period - Shot Blocked by Drew Doughty.
15:55 of 3rd period - Shot by Scottie Upshall.
15:55 of 3rd period - Stopped by Antti Raanta without a rebound.
15:56 of 3rd period - Nick Bonino wins face-off versus Michael Grabner in NEW YORK Rangers zone.
15:57 of 3rd period - Shot by Jonathan Huberdeau.
15:57 of 3rd period - Stopped by Antti Raanta without a rebound.
15:58 of 3rd period - Nick Bonino wins face-off versus Josh Bailey in NEW YORK Rangers zone.
16:03 of 3rd period - Shot by Mitchell Marner.
16:03 of 3rd period - Stopped by Antti Raanta without a rebound.
16:04 of 3rd period - Leon Draisaitl wins face-off versus Mitchell Marner in NEW YORK Rangers zone.
16:17 of 3rd period - Shot by Josh Bailey.
16:17 of 3rd period - Stopped by Jonathan Quick with a rebound.
16:39 of 3rd period - Shot by Leon Draisaitl.
16:39 of 3rd period - Shot Misses the Net.
16:47 of 3rd period - Shot by Leon Draisaitl.
16:47 of 3rd period - Stopped by Jonathan Quick with a rebound.
17:14 of 3rd period - Mark Stone is hit by Michael Del Zotto and loses puck.
17:41 of 3rd period - Shot by Jakob Silfverberg.
17:41 of 3rd period - Shot Misses the Net.
17:43 of 3rd period - Shot by Oliver Ekman-Larsson.
17:43 of 3rd period - Shot Blocked by Tyler Myers.
17:45 of 3rd period - Shot by Mark Stone.
17:45 of 3rd period - Stopped by Antti Raanta without a rebound.
17:46 of 3rd period - Kyle Brodziak wins face-off versus Travis Zajac in NEW YORK Rangers zone.
17:56 of 3rd period - Chris Wagner is hit by Brandon Manning and loses puck.
18:37 of 3rd period - Off-side.
18:38 of 3rd period - Anze Kopitar wins face-off versus Leon Draisaitl in neutral zone.
19:02 of 3rd period - Shot by Anze Kopitar.
19:02 of 3rd period - Shot Blocked by Josh Bailey.
19:04 of 3rd period - Shot by Mark Stone.
19:04 of 3rd period - Shot Misses the Net.
19:11 of 3rd period - Icing by Josh Bailey.
19:12 of 3rd period - Leon Draisaitl wins face-off versus Nick Bonino in NEW YORK Rangers zone.
19:28 of 3rd period - Mitchell Marner is hit by Justin Faulk and loses puck.
19:42 of 3rd period - Off-side.
19:43 of 3rd period - Anze Kopitar wins face-off versus Mats Zuccarello in neutral zone.
19:49 of 3rd period - Icing by Michael Del Zotto.
19:50 of 3rd period - Anze Kopitar wins face-off versus Nico Hischier in NEW YORK Rangers zone.
19:50 of 3rd period - Anze Kopitar is hit by Michael Del Zotto.
Goals for this period are 1 for LOS ANGELES Kings vs 1 for NEW YORK Rangers.
Shots for this period are 10 for LOS ANGELES Kings vs 11 for NEW YORK Rangers.

Overtime #1


0:01 of 1st overtime period - Leon Draisaitl wins face-off versus Anze Kopitar in neutral zone.
0:13 of 1st overtime period - Shot by Leon Draisaitl.
0:13 of 1st overtime period - Stopped by Jonathan Quick with a rebound.
0:15 of 1st overtime period - Shot by Michael Del Zotto.
0:15 of 1st overtime period - Stopped by Jonathan Quick without a rebound.
0:16 of 1st overtime period - Anze Kopitar wins face-off versus Nico Hischier in LOS ANGELES Kings zone.
0:23 of 1st overtime period - Justin Faulk is hit by Anze Kopitar and loses puck.
0:46 of 1st overtime period - Shot by Mark Stone.
0:46 of 1st overtime period - Stopped by Antti Raanta with a rebound.
0:48 of 1st overtime period - Shot by Mark Stone.
0:48 of 1st overtime period - Stopped by Antti Raanta without a rebound.
0:49 of 1st overtime period - Leon Draisaitl wins face-off versus Anze Kopitar in NEW YORK Rangers zone.
1:41 of 1st overtime period - Icing by Stephen Johns.
1:42 of 1st overtime period - Josh Bailey wins face-off versus Nick Bonino in LOS ANGELES Kings zone.
1:49 of 1st overtime period - Shot by Josh Bailey.
1:49 of 1st overtime period - Shot Misses the Net.
1:51 of 1st overtime period - Shot by Michael Stone.
1:51 of 1st overtime period - Stopped by Jonathan Quick with a rebound.
1:53 of 1st overtime period - Shot by Michael Stone.
1:53 of 1st overtime period - Shot Misses the Net.
3:13 of 1st overtime period - Shot by Mark Stone.
3:13 of 1st overtime period - Shot Misses the Net.
3:36 of 1st overtime period - Off-side.
3:37 of 1st overtime period - Anze Kopitar wins face-off versus Nico Hischier in neutral zone.
3:49 of 1st overtime period - Shot by Nico Hischier.
3:49 of 1st overtime period - Shot Blocked by Danny DeKeyser.
3:51 of 1st overtime period - Shot by Nico Hischier.
3:51 of 1st overtime period - Stopped by Jonathan Quick with a rebound.
3:53 of 1st overtime period - Shot by Michael Stone.
3:53 of 1st overtime period - Stopped by Jonathan Quick without a rebound.
3:54 of 1st overtime period - Mitchell Marner wins face-off versus Nico Hischier in LOS ANGELES Kings zone.
4:11 of 1st overtime period - Shot by Mark Stone.
4:11 of 1st overtime period - Shot Blocked by Justin Faulk.
4:15 of 1st overtime period - Shot by Mark Stone.
4:15 of 1st overtime period - Shot Misses the Net.
Goals for this period are 0 for LOS ANGELES Kings vs 0 for NEW YORK Rangers.
Shots for this period are 2 for LOS ANGELES Kings vs 5 for NEW YORK Rangers.

ShootOut


5:00 of 1st overtime period - Round #1.
5:00 of 1st overtime period - LOS ANGELES Kings, Nick Bonino.
5:00 of 1st overtime period - Shot Misses the Net.
5:00 of 1st overtime period - NEW YORK Rangers, Michael Grabner.
5:00 of 1st overtime period - Stopped by Jonathan Quick.
5:00 of 1st overtime period - Round #2.
5:00 of 1st overtime period - LOS ANGELES Kings, Mitchell Marner.
5:00 of 1st overtime period - Shot Misses the Net.
5:00 of 1st overtime period - NEW YORK Rangers, Leon Draisaitl.
5:00 of 1st overtime period - Stopped by Jonathan Quick.
5:00 of 1st overtime period - Round #3.
5:00 of 1st overtime period - LOS ANGELES Kings, Jonathan Huberdeau.
5:00 of 1st overtime period - Goal by Jonathan Huberdeau.
5:00 of 1st overtime period - NEW YORK Rangers, Brayden Schenn.
5:00 of 1st overtime period - Stopped by Jonathan Quick.